Cogmind - Beta 13 @@@ ROGUE MODE // 2024.04.01 @ 11:35:47 Player: youngster Result: Destroyed by Y-45 Defender with Heavy Assault Rifle Performance ------------- Evolutions (2) 1000 Regions Visited (9) 1800 Robots Destroyed (195) 975 Value Destroyed (5599) 5599 Prototype IDs (27) 540 Alien Tech Used (0) 0 Bonus (717) 717 TOTAL SCORE: 10631 Bonus ------- High Alert Combat Kills 477 Follower Combat Kills 215 Entered Garrisons 200 Friendly Fire -175 Cogmind --------- Core Integrity 0/550 Matter 290/300 Energy 290/290 System Corruption 2% Temperature Cool (9) Movement Rolling (150) Ox4 Location -8/Storage Parts ------- > --- POWER (1) -------- Improved Deuterium Engine > --- PROPULSION (3) --- Light Treads Armored Wheel Armored Wheel > --- UTILITY (5) ------ Huge Storage Unit Advanced Visual Processing Unit Advanced Targeting Computer Hardened Heavy Armor Plating > --- WEAPON (2) ------- Enhanced Autogun Enhanced Autogun > --- INVENTORY (25) --- Light Nuclear Core Reinforced Deuterium Engine Fission Core Light Treads Light Treads Light Treads Improved Treads Armored Treads Improved Cooling System High-capacity Matter Pod (200) Improved Sensor Array Improved Signal Interpreter Seismic Detector Kinecellerator Light Armor Plating Reactive Plating Graphene Brace Long-range Tractor Beam EM Pulse Cannon Enhanced Autogun Gauss Rifle Rocket Launcher Improved Datajack Mace Peak State ------------ > --- POWER ------------ Improved Deuterium Engine > --- PROPULSION ------- Light Treads Light Treads Armored Wheel > --- UTILITY ---------- Huge Storage Unit Advanced Visual Processing Unit Advanced Targeting Computer Improved Light Armor Plating Graphene Brace > --- WEAPON ----------- Enhanced Autogun Enhanced Autogun > --- INVENTORY -------- Light Nuclear Core Reinforced Deuterium Engine Fission Core Light Treads Light Treads Improved Treads Armored Treads Armored Wheel Improved Cooling System High-capacity Matter Pod Improved Sensor Array Improved Signal Interpreter Seismic Detector Kinecellerator Light Armor Plating Hardened Heavy Armor Plating Reactive Plating Long-range Tractor Beam EM Pulse Cannon Enhanced Autogun Gauss Rifle Rocket Launcher Improved Datajack Mace [Rating: 40] Favorites ----------- Power Light Ion Engine Engine Light Ion Engine Power Core Light Nuclear Core Propulsion Improved Treads Treads Improved Treads Wheel Armored Wheel Utility Huge Storage Unit Device Seismic Detector Storage Huge Storage Unit Processor Improved Targeting Computer Protection Light Armor Plating Weapon Minigun Energy Gun EM Pulse Gun Energy Cannon Advanced Beam Cannon Ballistic Gun Minigun Launcher Rocket Launcher Special Weapon Mining Laser Impact Weapon Mace Special Melee Weapon Datajack Build | -11 -10 -10 -9 -9 -9 -8 -8 -8 -8 ------- Run | Yrd Mat Min Mat Min Exi Min Mat Gar Sto Slots Evolved 4 | . . . 2 . . . 2 . . Power . | . . . . . . . . . . Propulsion 1 | . . . . . . . 1 . . Utility 3 | . . . 2 . . . 1 . . Weapon . | . . . . . . . . . . Parts Attached 268 | 7 27 18 66 10 3 3 61 48 25 Power 12 | 1 1 1 2 . . . 3 4 . Engine 10 | 1 1 1 2 . . . 2 3 . Core 2 | . . . . . . . 1 1 . Reactor . | . . . . . . . . . . Propulsion 84 | 2 12 4 33 5 . . 12 10 6 Treads 53 | 2 6 2 21 2 . . 10 7 3 Leg . | . . . . . . . . . . Wheel 31 | . 6 2 12 3 . . 2 3 3 Hover . | . . . . . . . . . . Flight . | . . . . . . . . . . Utility 78 | 2 4 4 9 1 . 2 28 18 10 Device 43 | 1 2 3 4 1 . 1 12 13 6 Storage 4 | 1 1 . . . . . 2 . . Processor 5 | . . . 2 . . . 3 . . Hackware . | . . . . . . . . . . Protection 26 | . 1 1 3 . . 1 11 5 4 Artifact . | . . . . . . . . . . Weapon 94 | 2 10 9 22 4 3 1 18 16 9 Energy Gun 1 | . . . 1 . . . . . . Energy Cannon 5 | . . . 2 2 . . . 1 . Ballistic Gun 48 | 2 6 4 9 1 . . 13 8 5 Ballistic Cannon . | . . . . . . . . . . Launcher 25 | . 4 4 6 1 2 1 1 5 1 Special Weapon 5 | . . 1 4 . . . . . . Impact Weapon 9 | . . . . . . . 4 2 3 Slashing Weapon . | . . . . . . . . . . Piercing Weapon . | . . . . . . . . . . Special Melee Weapon 1 | . . . . . 1 . . . . Unidentified Prototypes 2 | . . . 1 . . . . . 1 Parts Lost 26 | . 1 1 11 . . . 5 6 2 Power 5 | . . 1 2 . . . 1 1 . Propulsion 6 | . . . 3 . . . 2 1 . Utility 9 | . 1 . 4 . . . 1 1 2 Weapon 6 | . . . 2 . . . 1 3 . Highest Loss Streak 5 | . 1 1 2 . . . 2 5 1 To Critical Strikes . | . . . . . . . . . . Average Slot Usage (%) 97 | . 99 99 92 100 100 100 98 99 99 Engine 10 | . 14 13 9 11 11 11 8 7 9 Treads 17 | . 18 14 15 11 11 11 24 23 17 Wheel 7 | . 9 13 6 10 11 11 2 3 9 Device 8 | . 13 5 7 7 11 9 7 9 7 Storage 10 | . 14 14 11 11 11 11 9 9 9 Processor 11 | . . . 12 14 11 11 17 18 18 Protection 8 | . . 8 7 11 11 12 9 9 10 Energy Cannon 1 | . . . 1 10 . . . . . Ballistic Gun 16 | . 27 14 17 10 7 . 16 16 16 Launcher 2 | . . 7 . 1 7 22 . . . Naked Turns . | . . . . . . . . . . Heaviest Build 156 | 13 92 92 93 93 94 97 156 116 108 Greatest Support 66 | 40 40 20 46 12 12 12 66 63 24 Greatest Overweight (x) 12 | . 5 5 8 7 7 8 12 9 8 Average Overweight (x) 4 | . 4 4 5 7 7 7 3 4 7 Largest Inventory Capacity 30 | 8 25 25 25 25 25 25 30 25 25 Average Capacity 24 | 7 23 25 25 25 25 25 25 25 25 Most Carried 28 | 5 25 25 25 25 25 25 28 25 25 Average Carried 23 | 3 15 24 24 24 24 24 25 24 24 Final Capacity 25 | 8 25 25 25 25 25 25 25 25 25 Final Carried 25 | 5 25 24 25 25 25 25 25 25 24 Class Distribution -------------------- 72% | Mutant 26% | Scavenger-Mutant Dominant Class ---------------- Mutant | -10/Materials Mutant | -10/Mines Mutant | -9/Materials Mutant | -9/Mines Mutant | -9/Exiles Mutant | -8/Mines Mutant | -8/Materials Scavenger-Mutant | -8/Garrison Scavenger-Mutant | -8/Storage Resources | -11 -10 -10 -9 -9 -9 -8 -8 -8 -8 ----------- Run | Yrd Mat Min Mat Min Exi Min Mat Gar Sto Matter Collected 5640 | 270 615 278 1376 215 30 63 1366 940 487 Remotely 375 | . . . . . . . 209 . 166 Salvage Created 6802 | 115 634 179 1668 264 . 15 1985 1029 913 Parts 430 | 10 59 14 113 28 . 4 112 53 37 Haulers Intercepted 12 | . 2 . 4 . . . 5 . 1 Recyclers Shooed 12 | 1 . . 7 . . . 3 . 1 Parts Field Recycled . | . . . . . . . . . . Retrieved Matter . | . . . . . . . . . . Parts Self-Destructed . | . . . . . . . . . . Prevented . | . . . . . . . . . . Kills | -11 -10 -10 -9 -9 -9 -8 -8 -8 -8 ------- Run | Yrd Mat Min Mat Min Exi Min Mat Gar Sto Combat Hostiles Destroyed 139 | . 17 9 33 10 . 3 23 29 15 Melee 2 | . . . . . . . . . 2 Guns 87 | . 14 2 21 . . . 21 17 12 Cannons 4 | . . . 3 . . . . 1 . AOE 44 | . 3 7 9 10 . 3 2 10 . Classes Destroyed 16 | 2 6 . 2 . . . 3 1 2 Worker 9 | . 3 . 2 1 . . 3 . . Builder 2 | . 1 . . 1 . . . . . Tunneler 5 | 2 . . . 3 . . . . . Hauler 12 | . 2 . 4 . . . 5 . 1 Recycler 13 | 1 . . 2 1 . . 7 . 2 Mechanic 2 | . . . 2 . . . . . . Operator 1 | . . . . . . . . . 1 Watcher 11 | . 2 . 5 . . . 4 . . Swarmer 47 | . 9 5 11 7 . 3 5 7 . Grunt 57 | . 8 5 13 3 . . 5 11 12 Protector 1 | . . . . . . . . . 1 Sentry 26 | . . . 9 . . . 8 7 2 Specialist 2 | . . . . . . . 2 . . Hunter 4 | . . . . . . . 2 2 . Programmer 2 | . . . . . . . . 2 . Heavy 1 | . . . . . . . 1 . . Best Kill Streak 9 | 2 4 3 9 7 . 3 5 7 7 Combat Bots Only 7 | . 3 3 6 6 . 3 3 7 7 Max Kills in Single Turn 4 | 1 3 3 4 4 . 1 2 3 1 Gunslinging 1 | . . . . . . . 1 1 . Exploded 4 | . 3 3 4 4 . 1 1 3 . Melee 1 | . . . . . . . . . 1 Uniques/NPCs Destroyed . | . . . . . . . . . . Combat | -11 -10 -10 -9 -9 -9 -8 -8 -8 -8 -------- Run | Yrd Mat Min Mat Min Exi Min Mat Gar Sto Hostile Shots Fired 683 | . 70 22 195 5 . 4 128 174 85 Missed 173 | . 17 3 41 2 . 2 34 58 16 Damage Taken 7483 | . 580 292 1911 58 . 31 1663 1722 1226 Core 1097 | . 128 51 346 . . 6 193 223 150 Absorbed by Shields . | . . . . . . . . . . Ignored by Resistances 211 | . . . . . . . 111 100 . Regen/Repaired (Parts) 141 | . . . . . . . 141 . . Core Remaining (%) 46 | 100 . 28 . . . 12 . . . Volleys Fired 499 | 8 66 17 178 18 . 3 99 71 39 Largest 2 | 2 2 2 2 2 . 1 2 2 2 Hottest 100 | 40 60 100 100 88 . 33 53 63 51 Shots Fired 925 | 16 131 27 326 33 . 3 193 120 76 Gun 821 | 16 126 12 288 13 . . 191 100 75 Cannon 37 | . . . 12 14 . . . 11 . Launcher 41 | . 5 11 4 6 . 3 2 9 1 Special 26 | . . 4 22 . . . . . . Kinetic 818 | 16 126 12 285 13 . . 191 100 75 Thermal 52 | . . 4 34 14 . . . . . Explosive 41 | . 5 11 4 6 . 3 2 9 1 Electromagnetic 14 | . . . 3 . . . . 11 . Robot Hit Streak 30 | 4 8 8 30 7 . . 21 21 23 Robot Miss Streak 5 | 2 4 1 5 2 . . 3 3 2 Penetration Max 1 | . . . . . . . . 1 . Secondary Targets 9 | . . . . . . . 3 4 2 Max Gunslinging Chain 1 | . . . . . . . 1 1 1 Shots Hit Robots 647 | 11 80 10 230 19 4 . 141 86 66 Core Hits 308 | 4 37 15 88 19 . 2 65 48 30 Critical Kills 1 | . . . 1 . . . . . . Critical Parts Destroyed 5 | 1 1 . 1 . . . 1 . 1 Critical Strikes 7 | 1 1 . 3 . . . 1 . 1 Destroy 6 | 1 1 . 3 . . . 1 . . Smash 1 | . . . . . . . . . 1 Melee Attacks 31 | . . . . . 4 . 16 3 8 Impact 27 | . . . . . . . 16 3 8 Slashing . | . . . . . . . . . . Piercing . | . . . . . . . . . . Sneak Attacks 8 | . . . . . 4 . 2 . 2 Combat Hostiles . | . . . . . . . . . . Follow-up Attacks . | . . . . . . . . . . Damage Inflicted 12747 | 143 1080 555 3018 816 . 168 2761 2808 1398 Guns 8592 | 143 901 83 2375 79 . . 2505 1510 996 Cannons 587 | . . . 144 206 . . . 237 . Explosions 3083 | . 179 472 443 531 . 168 154 1061 75 Melee 398 | . . . . . . . 102 . 296 Ramming 37 | . . . 6 . . . . . 31 Kinetic 8592 | 143 901 83 2375 79 . . 2505 1510 996 Thermal 400 | . . . 194 206 . . . . . Explosive 3083 | . 179 472 443 531 . 168 154 1061 75 Electromagnetic 237 | . . . . . . . . 237 . Impact 398 | . . . . . . . 102 . 296 Slashing . | . . . . . . . . . . Piercing . | . . . . . . . . . . Highest Corruption 2 | . . . . . . . . 1 2 Average Corruption 1 | . . . . . . . . 1 1 Corruption Purged . | . . . . . . . . . . Corruption Blocked . | . . . . . . . . . . Effects 12 | . . . . . . . . 8 4 Message Errors 2 | . . . . . . . . . 2 Matter Fused 1 | . . . . . . . . 1 . Heat Flow Errors 1 | . . . . . . . . . 1 Energy Discharges 3 | . . . . . . . . 2 1 Data Loss (minor) 3 | . . . . . . . . 3 . Data Loss (major) 1 | . . . . . . . . 1 . Misfires 1 | . . . . . . . . 1 . Overload Shots . | . . . . . . . . . . Overflow Damage 292 | . 2 . 5 2 . 27 63 33 160 Projectiles 2 | . . . . 2 . . . . . Explosions 78 | . 2 . 5 . . 27 11 33 . Melee 212 | . . . . . . . 52 . 160 Knockbacks 2 | . . . . . . . . . 2 Impact 2 | . . . . . . . . . 2 Kinetic . | . . . . . . . . . . Secondary . | . . . . . . . . . . Self-Inflicted Damage 391 | . 70 39 40 28 . 18 37 144 15 Shots 13 | . 3 2 1 1 . 1 1 4 . Rammed 6 | . . . 2 . . . . . 4 Targets Rammed 6 | . . . 2 . . . . . 4 Kicked . | . . . . . . . . . . Crushed . | . . . . . . . . . . Highest Temperature 206 | . 19 48 189 81 . . 90 206 160 Average Temperature 26 | . 9 16 25 25 . . 16 55 25 Received Heat Transfer 2727 | . 180 135 855 9 . . 333 711 504 Siege Activations . | . . . . . . . . . . Robots Corrupted 1 | . . . . . . . . 1 . Combat Hostiles 1 | . . . . . . . . 1 . Parts Fried 6 | . . . . . . . 3 . 3 Impact Corruptions 9 | . . . . . . . 3 . 6 Robots Melted . | . . . . . . . . . . Combat Hostiles . | . . . . . . . . . . Parts Melted . | . . . . . . . . . . Heat Transferred 729 | . . . 359 370 . . . . . Parts Sabotaged . | . . . . . . . . . . Parts Stolen . | . . . . . . . . . . Parts Stripped . | . . . . . . . . . . Power Chain Reactions . | . . . . . . . . . . Alert | -11 -10 -10 -9 -9 -9 -8 -8 -8 -8 ------- Run | Yrd Mat Min Mat Min Exi Min Mat Gar Sto Peak Influence 1156 | 15 289 142 347 281 . 113 298 1156 772 Initial 563 | . 9 79 . 96 . . . 193 563 Average 182 | 7 138 40 196 108 . 17 130 632 581 Maximum Alert Level 4 | . 1 . 1 1 . . 1 4 3 Low Security (%) 69 | 100 82 100 44 79 . 100 89 8 . Level 1 21 | . 17 . 55 20 . . 10 15 . Level 2 6 | . . . . . . . . 40 94 Level 3 2 | . . . . . . . . 28 5 Level 4 . | . . . . . . . . 7 . Level 5 . | . . . . . . . . . . High Security . | . . . . . . . . . . Max Security . | . . . . . . . . . . Squads Dispatched 16 | . 5 . 4 . . . 2 . 5 Investigation 4 | . 4 . . . . . . . . Extermination . | . . . . . . . . . . Reinforcement 9 | . 1 . 4 . . . 2 . 2 Assault 3 | . . . . . . . . . 3 Garrison . | . . . . . . . . . . Intercept . | . . . . . . . . . . Searches Triggered . | . . . . . . . . . . Construction Impeded . | . . . . . . . . . . Haulers Reinforced . | . . . . . . . . . . Active Scanning Responses . | . . . . . . . . . . Cargo Convoy Interrupts . | . . . . . . . . . . Stealth | -11 -10 -10 -9 -9 -9 -8 -8 -8 -8 --------- Run | Yrd Mat Min Mat Min Exi Min Mat Gar Sto Distress Signals 14 | . 2 1 6 . . . 3 . 2 Communications Jammed . | . . . . . . . . . . Distress Signals . | . . . . . . . . . . Times Spotted 211 | . 23 10 54 9 . 3 46 31 35 Peak Tracking Total 16 | . 3 3 7 4 . 3 4 8 16 Tactical Retreats 3 | . 1 . . . . . 1 . 1 Traps | -11 -10 -10 -9 -9 -9 -8 -8 -8 -8 ------- Run | Yrd Mat Min Mat Min Exi Min Mat Gar Sto Traps Triggered 10 | . 2 . . . . . . 6 2 Indirectly . | . . . . . . . . . . Trap Hack Attempts . | . . . . . . . . . . Triggered . | . . . . . . . . . . Disarmed . | . . . . . . . . . . Reprogrammed . | . . . . . . . . . . Reused . | . . . . . . . . . . Traps Extracted . | . . . . . . . . . . Installed . | . . . . . . . . . . Triggered . | . . . . . . . . . . Machines | -11 -10 -10 -9 -9 -9 -8 -8 -8 -8 ---------- Run | Yrd Mat Min Mat Min Exi Min Mat Gar Sto Machines Disabled 10 | . 1 1 2 . . 2 1 3 . Max in Single Turn 2 | . 1 1 1 . . 2 1 1 . Garrison Relay 3 | . . . . . . . . 3 . Machines Repaired . | . . . . . . . . . . Machines Dismantled . | . . . . . . . . . . Machines Sabotaged . | . . . . . . . . . . Overloaded Fab Kills . | . . . . . . . . . . Hacking | -11 -10 -10 -9 -9 -9 -8 -8 -8 -8 --------- Run | Yrd Mat Min Mat Min Exi Min Mat Gar Sto Machines Accessed 48 | . 11 . 13 . 1 . 17 3 3 Terminals 35 | . 8 . 9 . . . 12 3 3 Fabricators . | . . . . . . . . . . Repair Stations 5 | . 1 . 2 . . . 2 . . Recycling Units 3 | . 2 . 1 . . . . . . Scanalyzers 3 | . . . 1 . . . 2 . . Garrison Access 1 | . . . . . . . 1 . . Total Hacks 121 | . 31 . 28 . 1 . 47 5 9 Successful 66 | . 13 . 14 . 1 . 30 3 5 Failed 54 | . 17 . 14 . . . 17 2 4 Catastrophic 8 | . 1 . 2 . . . 3 1 1 Database Lockouts 1 | . 1 . . . . . . . . Manual 57 | . 21 . 15 . . . 18 . 3 Terminals 95 | . 26 . 21 . . . 34 5 9 Fabricators . | . . . . . . . . . . Repair Stations 11 | . 3 . 4 . . . 4 . . Recycling Units 3 | . 2 . 1 . . . . . . Scanalyzers 10 | . . . 2 . . . 8 . . Garrison Access 1 | . . . . . . . 1 . . Terminal Hacks 34 | . 8 . 8 . 1 . 9 3 5 Record 1 | . . . . . 1 . . . . Part Schematic 4 | . 1 . 1 . . . 1 . 1 Robot Schematic 1 | . 1 . . . . . . . . Robot Analysis 3 | . 2 . . . . . 1 . . Prototype ID Bank 7 | . 2 . 2 . . . 2 . 1 Open Door 1 | . . . . . . . . 1 . Emergency Access Points 1 | . . . 1 . . . . . . Terminal Index 2 | . . . 1 . . . . . 1 Alert Level 1 | . . . . . . . 1 . . Unreport Threat 2 | . . . 1 . . . . . 1 Locate Traps 6 | . 2 . 1 . . . 2 . 1 Hauler Manifests 3 | . . . 1 . . . 2 . . Garrison Registry 1 | . . . . . . . . 1 . Patrol Navigation 1 | . . . . . . . . 1 . Fabricator Hacks . | . . . . . . . . . . Repair Station Hacks 5 | . . . 1 . . . 4 . . Scan Component 3 | . . . 1 . . . 2 . . Repair 2 | . . . . . . . 2 . . Recycling Unit Hacks 1 | . . . 1 . . . . . . Retrieve Components 1 | . . . 1 . . . . . . Scanalyzer 10 | . . . 2 . . . 8 . . Insert Component 5 | . . . 1 . . . 4 . . Analyze 5 | . . . 1 . . . 4 . . Garrison Access Hacks 1 | . . . . . . . 1 . . Unlock Access 1 | . . . . . . . 1 . . Unauthorized Hacks 15 | . 5 . 2 . . . 8 . . Terminals 13 | . 3 . 2 . . . 8 . . Track 1 | . . . . . . . 1 . . Assimilate 2 | . . . . . . . 2 . . Botnet 7 | . 2 . 1 . . . 4 . . Operators 3 | . 1 . 1 . . . 1 . . Fabricators . | . . . . . . . . . . Repair Stations . | . . . . . . . . . . Recycling Units 2 | . 2 . . . . . . . . Tunnel 2 | . 2 . . . . . . . . Scanalyzers . | . . . . . . . . . . Garrison Access . | . . . . . . . . . . Data Cores Recovered . | . . . . . . . . . . Used . | . . . . . . . . . . Hacking Detections 38 | . 9 . 10 . . . 14 2 3 Full Trace Events 1 | . . . . . . . . 1 . Feedback Events . | . . . . . . . . . . Feedback Blocked . | . . . . . . . . . . Robot Schematics Acquired 1 | . 1 . . . . . . . . Robots Built . | . . . . . . . . . . Authchips . | . . . . . . . . . . Time . | . . . . . . . . . . Total Robot Build Rating . | . . . . . . . . . . Part Schematics Acquired 9 | . 1 . 2 . . . 5 . 1 Parts Built . | . . . . . . . . . . Authchips . | . . . . . . . . . . Time . | . . . . . . . . . . Total Part Build Rating . | . . . . . . . . . . Parts Repaired 2 | . . . . . . . 2 . . Time 58 | . . . . . . . 58 . . Parts Recycled . | . . . . . . . . . . Recycled Matter . | . . . . . . . . . . Retrieved Matter . | . . . . . . . . . . Retrieved Components 10 | . . . 10 . . . . . . Parts Scanalyzed 5 | . . . 1 . . . 4 . . Part Schematics Acquired 5 | . . . 1 . . . 4 . . Parts Damaged . | . . . . . . . . . . Bothacking | -11 -10 -10 -9 -9 -9 -8 -8 -8 -8 ------------ Run | Yrd Mat Min Mat Min Exi Min Mat Gar Sto Used RIF Installer . | . . . . . . . . . . Robots Hacked 4 | . . . . . 4 . . . . Non-combat 3 | . . . . . 3 . . . . Combat 1 | . . . . . 1 . . . . Robot Hacks Applied 4 | . . . . . 4 . . . . parse_system 4 | . . . . . 4 . . . . Relay Couplers Released 13 | . . . . . . . . 13 . Machine Destruction 13 | . . . . . . . . 13 . Fabnet Peak Effective % . | . . . . . . . . . . Robots Rewired . | . . . . . . . . . . Allies Hacked . | . . . . . . . . . . Hacks Repelled . | . . . . . . . . . . Allies | -11 -10 -10 -9 -9 -9 -8 -8 -8 -8 -------- Run | Yrd Mat Min Mat Min Exi Min Mat Gar Sto Total Allies 10 | . . 3 . 2 . . 1 2 2 Largest Group 3 | . . 3 2 2 2 . 1 2 2 Highest-Rated Group 62 | . . 40 32 43 43 . 10 45 62 Highest-Rated Ally 31 | . . 16 16 31 31 . 10 25 31 Total Orders 1 | . . . . . . . 1 . . STAY 1 | . . . . . . . 1 . . Ally Attacks 65 | . . 2 10 1 . . . 10 42 Total Damage 1144 | . . 18 118 . . . . 302 706 Kills 7 | . . 1 . . . . . 1 5 Allies Corrupted . | . . . . . . . . . . Allies Melted . | . . . . . . . . . . Intel | -11 -10 -10 -9 -9 -9 -8 -8 -8 -8 ------- Run | Yrd Mat Min Mat Min Exi Min Mat Gar Sto Robot Analysis Total 3 | . 2 . . . . . 1 . . Derelict Logs Recovered 2 | . . . . 2 . . . . . Drone Launches . | . . . . . . . . . . Drone Recoveries . | . . . . . . . . . . Exploration | -11 -10 -10 -9 -9 -9 -8 -8 -8 -8 ------------- Run | Yrd Mat Min Mat Min Exi Min Mat Gar Sto Turns Passed 16270 | 130 1843 1629 3695 1570 463 964 4206 1294 476 Spaces Moved 6176 | 60 741 564 1360 766 232 480 1406 429 138 Core 4 | 4 . . . . . . . . . Treads 1761 | 56 100 7 360 . . . 1006 232 . Legs . | . . . . . . . . . . Wheels 4411 | . 641 557 1000 766 232 480 400 197 138 Hover . | . . . . . . . . . . Flight . | . . . . . . . . . . Fastest Speed 50 | 50 160 175 175 195 195 195 195 210 150 Average Speed 205 | 152 174 178 211 195 195 196 233 229 201 Slowest Speed 480 | 160 320 480 480 195 195 210 270 243 210 Overloaded Moves . | . . . . . . . . . . Propulsion Burnouts . | . . . . . . . . . . Robots Hopped . | . . . . . . . . . . Cave-ins Triggered . | . . . . . . . . . . Exploration Rate (%) 75 | 4 99 100 98 99 64 99 96 68 24 Regions Visited 9 Branch Regions 5 Pre-discovered Areas 3 | . 2 . . . 1 . . . . Known Exits Taken 1 | . . . . . . . 1 . . Unknown Exits Taken 7 | 1 1 1 1 1 1 1 . . . Scrap Searched 5 | . . 1 . 1 . 3 . . . Spaces Dug 130 | . . 14 37 15 . 11 26 25 2 Terrain Destroyed 280 | . 28 67 47 34 . 18 26 46 14 Melee 14 | . . . . . . . 10 2 2 Projectile 24 | . . 4 19 1 . . . . . AOE 242 | . 28 63 28 33 . 18 16 44 12 Terrain Rammed . | . . . . . . . . . . Walls Destroyed . | . . . . . . . . . . Machines Disabled . | . . . . . . . . . . Actions | -11 -10 -10 -9 -9 -9 -8 -8 -8 -8 --------- Run | Yrd Mat Min Mat Min Exi Min Mat Gar Sto Total 8763 | 79 1160 1144 1837 809 240 502 2142 606 244 Wait 1588 | . 300 546 178 9 . 8 502 30 15 Move 6167 | 59 740 563 1359 765 231 479 1405 428 138 Hop . | . . . . . . . . . . Pick Up 88 | 5 21 . 26 3 1 4 25 1 2 Fast Attach 25 | 7 . . 5 1 . . 10 1 1 Attach 29 | . 1 1 12 . . . 7 6 2 Detach 7 | . . . 3 1 . . 1 1 1 Swap 214 | . 26 17 49 9 3 3 44 41 22 Drop 79 | . 6 . 25 3 1 5 33 2 4 Fire 499 | 8 66 17 178 18 . 3 99 71 39 Melee 31 | . . . . . 4 . 16 3 8 Ram 4 | . . . . . . . . . 4 Kick . | . . . . . . . . . . Crush 2 | . . . 2 . . . . . . Escape Stasis 30 | . . . . . . . . 22 8 Rewire . | . . . . . . . . . . Trap . | . . . . . . . . . . Miscellaneous . | . . . . . . . . . . Route ------- -11/Scrapyard -10/Materials (discovered 6 exits: *Mat x3 / [*Min x2] / [*Sub]) -10/Mines (discovered 3 exits: *Mat x2 / [*Sub]) -9/Materials (discovered 5 exits: *Mat x3 / [*Min x2]) -9/Mines (discovered 4 exits: *Mat x2 / *Exi / [*Zio]) -9/Exiles -8/Mines (discovered 2 exits: *Mat x2) -8/Materials (discovered 6 exits: [*Fac x3] / *Sto x2 / Gar) -8/Garrison (discovered 3 exits: *Sto x3) -8/Storage History --------- Turn | Location | Event 2 | -11/Scrapyard | Met Revision 17 8 | -11/Scrapyard | Discovered new exit (range 14) 131 | -11/Scrapyard | Entered Materials 302 | -10/Materials | Build established: Mutant 328 | -10/Materials | Discovered new exit (range 12) 493 | -10/Materials | Discovered new exit (range 13) 1076 | -10/Materials | Discovered new exit (range 8) 1136 | -10/Materials | Central database locked down 1161 | -10/Materials | Discovered new exit (range 15) 1303 | -10/Materials | Discovered new exit (range 10) 1339 | -10/Materials | Build established: Scavenger-Mutant 1381 | -10/Materials | Discovered new exit (range 15) 1886 | -10/Materials | Core integrity fell below 50% 1974 | -10/Materials | Entered Mines 2053 | -10/Mines | Assembled infested the area 2058 | -10/Mines | Assisted by a Guerilla fighting off Assembled 2120 | -10/Mines | Build established: Mutant 2673 | -10/Mines | Discovered new exit (range 12) 2752 | -10/Mines | Discovered new exit (range 10) 2883 | -10/Mines | Discovered new exit (range 8) 2943 | -10/Mines | Assisted by bots powering up and referring to "LRC-V3" 3603 | -10/Mines | Entered Materials 3603 | -9/Materials | Accompanied by 2 allies 3603 | -9/Materials | Evolved 2 slots: Utility x2 4515 | -9/Materials | Build established: Scavenger-Mutant 4948 | -9/Materials | Core integrity fell below 50% 5126 | -9/Materials | Build established: Mutant 5200 | -9/Materials | Discovered new exit (range 4) 5584 | -9/Materials | Discovered new exit (range 15) 5724 | -9/Materials | Build established: Scavenger-Mutant 5889 | -9/Materials | Discovered new exit (range 13) 6548 | -9/Materials | Build established: Mutant 6637 | -9/Materials | Discovered new exit (range 7) 6863 | -9/Materials | Discovered new exit (range 13) 6968 | -9/Materials | Core integrity fell below 20% 7298 | -9/Materials | Entered Mines 8218 | -9/Mines | Learned location of 1 exit from Materials 8231 | -9/Mines | A Derelict revealed a hidden shortcut to a safe place 8314 | -9/Mines | Discovered new exit (range 7) 8361 | -9/Mines | Discovered new exit (range 10) 8392 | -9/Mines | Deemed a non-threat by the Exiles lab entrance 8392 | -9/Mines | Discovered new exit (range 5) 8433 | -9/Mines | Learned Materials terminal intel 8647 | -9/Mines | Received a Rocket Launcher from a helpful Derelict 8868 | -9/Mines | Entered Exiles 8868 | -9/Exiles | Accompanied by 2 allies 8898 | -9/Exiles | Led the pair of lost Derelicts to a safe place 8916 | -9/Exiles | Met 8R-AWN 8953 | -9/Exiles | Met EX-HEX 9011 | -9/Exiles | Met EX-BIN 9073 | -9/Exiles | Met EX-DEC 9083 | -9/Exiles | Learned location of Zion (-7) 9308 | -9/Exiles | Discovered new exit (range 12) 9331 | -9/Exiles | Entered Mines 9416 | -8/Mines | Discovered new exit (range 9) 9728 | -8/Mines | Discovered new exit (range 10) 10295 | -8/Mines | Entered Materials 10295 | -8/Materials | Evolved 2 slots: Propulsion x1, Utility x1 10296 | -8/Materials | Identified exit to Storage 10297 | -8/Materials | Loaded intel: 12 terminal locations 10772 | -8/Materials | Discovered new exit (range 3) 11610 | -8/Materials | Discovered new exit (range 19) 11662 | -8/Materials | Identified exit to Garrison 12268 | -8/Materials | Repaired Imp. Treads 12569 | -8/Materials | Repaired Seismic Detector 13087 | -8/Materials | Discovered exit to Storage (range 19) 13981 | -8/Materials | Discovered new exit (range 10) 14501 | -8/Materials | Entered Garrison 14594 | -8/Garrison | Triggered checkpoint 14669 | -8/Garrison | Triggered checkpoint 14706 | -8/Garrison | Core integrity fell below 50% 14782 | -8/Garrison | Triggered checkpoint 14831 | -8/Garrison | Garrison Relay disabled 14832 | -8/Garrison | Garrison Relay disabled 15106 | -8/Garrison | Build established: Scavenger-Mutant 15108 | -8/Garrison | Garrison Relay disabled 15148 | -8/Garrison | Discovered exit to Storage (range 12) 15346 | -8/Garrison | Discovered exit to Storage (range 9) 15416 | -8/Garrison | Triggered checkpoint 15495 | -8/Garrison | Lost 5 parts (1p1n1u2w) 15499 | -8/Garrison | Destroyed 7 combat bots 15522 | -8/Garrison | Discovered exit to Storage (range 50) 15522 | -8/Garrison | Discovered exit to Storage (range 18) 15522 | -8/Garrison | Discovered exit to Storage (range 67) 15721 | -8/Garrison | Rescued a captive Derelict 15722 | -8/Garrison | Rescued a captive Derelict 15795 | -8/Garrison | Entered Storage 15795 | -8/Storage | Accompanied by 1 ally 16012 | -8/Storage | Core integrity fell below 20% 16171 | -8/Storage | Met a pair of Derelict thieves 16195 | -8/Storage | First assault squad dispatched 16271 | -8/Storage | Destroyed by Y-45 Defender with Heavy Assault Rifle Last Messages --------------- 16263_ K-01 Serf collects debris. 16264_ Triggered Proton Bomb Trap. 16264_ A bubble of electromagnetic force engulfs the area. 16264_ Transfer Shaft disabled. 16264_ Door malfunctions. 16264_ U-05 Engineer lays Concrete. 16265_ G-50 Soldier suffers critical hit (Burn). 16266_ U-05 Engineer lays Concrete. 16266_ K-01 Serf collects debris. 16267_ U-05 Engineer lays Concrete. 16268_ Imp. Light Armor Plating destroyed. 16268_ U-05 Engineer lays Concrete. 16268_ Dropped Graphene Brace. 16269_ G-50 Soldier suffers critical hit (Burn). 16269_ U-05 Engineer lays Concrete. 16269_ K-01 Serf collects debris. 16270_ G-50 Soldier heat short circuits Carbon-fiber Leg. 16270_ Acquired Graphene Brace. Map ----- +----------------------------------------------------+ | | | | | | | | | | | | | | | | | | | | | | | | | | | | | | | | | | | ???????????????????#####????????????###????## | | ?????######??#######"T"##################### | | ?????#] ] ####!=!=!% | | ?????# ]] #T##!*=[/!! % | | ?????# " +!/%%!* % | | ?????#[ ###g#####################+##### | | ?????# " ##gg% = ==] #??????# !%%[= #? | | ?????#[ [ # ##[!Yglu ===] #??????# "!""* ## | | ?????########"#=*kb @b ^=] #??????# """"" %+[ | | ????????????#"# % ^ #??????# """"" ## | | ????????????##% % #??????# #? | | ?????????????########+######?????## """"" #? | | ?????????????????????% ??????????# """"" #? | | ????????????????????? +?????????## """"" #? | | ?????????????????????? # ?????????# #? | | ?????????????????????? # ????????##T#######? | | ?????????????????????? +? ?????????###??????? | | ???????????????????????#????????????????????? | | ????????????????????????????????????????????? | | ????????????????????????????????????????????? | | ????????????????????????????????????????????? | | ????????????????????????????????????????????? | | ????????????????????????????????????????????? | | ????????????????????????????????????????????? | | ????????????????????????????????????????????? | | ????????????????????????????????????????????? | | ????????????????????????????????????????????? | | ????????????????????????????????????????????? | | ????????????????????????????????????????????? | | ????????????????????????????????????????????? | | ????????????????????????????????????????????? | | ????????????????????????????????????????????? | | ????????????????????????????????????????????? | +----------------------------------------------------+ Best States ------------- Heat Dissipation 58 Energy Generation 16 Energy Capacity 290 Matter Stores 300 Matter Capacity 300 Sight Range 20 Terrain Scan Range 16 Terrain Scan Density 10 Armor Coverage 600 Resistance: KI 20 Evasion (%) 40 Targeting Accuracy 8 Recoil Reduction 3 Kinecelleration 30 Item Schematics ----------------- Huge Storage Unit | -10/Materials | Hacked Salvage Targeting Computer | -9/Materials | Hacked Arm. Wheel | -9/Materials | Scanalyzed Seismic Detector | -8/Materials | Scanalyzed Lrn. Tractor Beam | -8/Materials | Hacked Graphene Brace | -8/Materials | Scanalyzed Hrd. Heavy Armor Plating | -8/Materials | Scanalyzed Imp. Cooling System | -8/Materials | Scanalyzed Triangulator | -8/Storage | Hacked Robot Schematics ------------------ M-13 Machinist | -10/Materials | Hacked Fabricated ------------ Nothing Alien Tech Used ----------------- None Achievements -------------- None Challenges ------------ None Game ------ Seed AccelerationSniperSlayer Manual? 0 Play Time 01:56:57 Cumulative 450.3 hours Start 2024.03.29 @ 12:41:18 End 2024.04.01 @ 11:35:47 Sessions 11 Manual Loads 0 Difficulty Rogue Special Mode None Game No. 207 Rogue 207 Adventurer 0 Explorer 0 Win Type - Total 11 Types 8/0/1/1/0/0/0/1/0 Lore% 86 Gallery% 92 Achievement% 71 Wizard Run 0 Options --------- Layout 2 ASCII 0 Keyboard 0 Movement Vi Keybinds 0 Fullscreen 2 Font 32/Cog Map View 50x44 Zoom Use 0% Tactical HUD 1 Map Filters NONE Filters NONE Steam 0 RUN: 13b32144-25be-4e00-97e1-009f100226f8